 Dungeon Crawl Stone Soup version 0.28.0-43-g3370ac3207 (webtiles) character file.

Game seed: 5051478801657841415

86 sking99 the Skirmisher (level 4, -3/35 (36) HPs)
             Began as a Demonspawn Fighter on Mar 24, 2022.
             Slain by Crazy Yiuf
             ... wielding a +3 quarterstaff of chaos
              (6 damage)
             ... on level 3 of the Dungeon.
             The game lasted 00:02:26 (2840 turns).

sking99 the Skirmisher (Demonspawn Fighter)         Turns: 2840, Time: 00:02:27

HP:   -3/35 (36)    AC:  6    Str: 18    XL:     4   Next: 27%
MP:   4/4           EV:  9    Int: 10    God:
Gold: 151           SH:  0    Dex: 12    Spells: 3/3 levels left

rFire   . . .      SeeInvis .   a - +0 flail
rCold   . . .      Faith    .   c - +0 buckler
rNeg    . . .      Spirit   .   b - +0 scale mail
rPois   .          Reflect  .   (no helmet)
rElec   .          Harm     .   (no cloak)
rCorr   +          Rampage  .   (no gloves)
Will    .....                   (no boots)
Stlth   ..........              (no amulet)
HPRegen 0.11/turn               i - ring of resist corrosion
MPRegen 0.09/turn               (no ring)

@: confused, lightly drained
A: demonic guardian 1
a: no special abilities


You were on level 3 of the Dungeon.
You visited 1 branch of the dungeon, and saw 3 of its levels.

You collected 151 gold pieces.

Inventory:

Hand Weapons
 a - a +0 flail (weapon)
Armour
 b - a +0 scale mail (worn)
 c - a +0 buckler (worn)
Jewellery
 i - a ring of resist corrosion (left hand)
 l - a ring of protection from fire
Scrolls
 e - 2 scrolls of immolation {unknown}
 f - a scroll of fog {unknown}
 g - a scroll of teleportation {unknown}
 h - 2 scrolls of vulnerability {unknown}
 o - a scroll of blinking {unknown}
 q - a scroll of identify {unknown}
Potions
 d - a potion of might
 j - a potion of haste {unknown}
 k - a potion of ambrosia {unknown}
 m - 2 potions of resistance {unknown}
 n - a potion of curing {unknown}
 p - a potion of heal wounds {unknown}


   Skills:
 + Level 3.6 Fighting
 * Level 3.2 Maces & Flails
 - Level 2.6 Armour
 + Level 3.3 Shields


You had 3 spell levels left.
You didn't know any spells.
Your spell library contained the following spells:

 Spells                   Type           Power      Damage    Failure   Level
 Shock                    Conj/Air       0%         1d3       85%         1
 Swiftness                Air            0%         N/A       99%         3
 Airstrike                Air            0%         N/A       100%        4


Dungeon Overview and Level Annotations

Branches:
Dungeon (3/15)

Altars:

Annotations:
D:3 Crazy Yiuf


Innate Abilities, Weirdness & Mutations

A weak demonic guardian rushes to your aid.


Message History

* * * LOW HITPOINT WARNING * * *
You feel sick.
Okay, then.
* * * LOW HITPOINT WARNING * * *
You feel sick.
* * * LOW HITPOINT WARNING * * *
You feel sick.
* * * LOW HITPOINT WARNING * * *
You feel sick.
* * * LOW HITPOINT WARNING * * *
You feel sick.
You are no longer poisoned.
Crazy Yiuf laughs, "Earwax!
Defame noodlescoop sing."
Crazy Yiuf laughs, "Mama!"
Crazy Yiuf says, "Race!
Line ladder noodlescoop."
Crazy Yiuf yells, "Papa wrapper forty-two!"
There is a stone staircase leading up here.
You climb upwards.
There is a stone staircase leading down here.
You start resting.
HP restored.
You climb downwards.
Level annotation: Crazy Yiuf Crazy Yiuf hits you with a +3 quarterstaff of chaos!
There is a stone staircase leading up, spattered with blood here.
You hit Crazy Yiuf.
Crazy Yiuf is lightly wounded.
You block Crazy Yiuf's attack.
You barely miss Crazy Yiuf.
Crazy Yiuf is lightly wounded.
Crazy Yiuf hits you with a +3 quarterstaff of chaos.
You are confused.
Crazy Yiuf hits you with a +3 quarterstaff of chaos!
* * * LOW HITPOINT WARNING * * *
You feel drained.
* * * LOW HITPOINT WARNING * * *
A demonic guardian appears!
Crazy Yiuf yells, "Orb childish senile!"
Crazy Yiuf hits you with a +3 quarterstaff of chaos.
You die...

# ##..# ####.# # ###...#
###....# #######.....#
##..<#.## .....##..#..#
#..###.# .....#......#
#.####)# >.........#.#
#.###..#
............#####.##..##
..........#.....5....##
..........#....<@[...#
..........#.....g....#
..........#..........#########
.....................^.......#
...#..###....................#
.....##......................#
.....#..#....)...............#
....)..##....................#
.##.#................####.####


You could see Crazy Yiuf (ally target) and a friendly iron imp (summoned).

Vanquished Creatures
  Jessica (D:3)
  An adder (D:2)
  A worm (D:3)
  2 orcs (D:3)
  3 ball pythons
  3 endoplasms
  2 giant cockroaches (D:1)
  6 goblins
  2 hobgoblins (D:2)
  3 jackals (D:2)
  4 quokkas
  3 bats
  A frilled lizard (D:3)
  5 kobolds
  3 rats
40 creatures vanquished.

Vanquished Creatures (collateral kills)
  A goblin (D:2)
1 creature vanquished.

Vanquished Creatures (others)
  2 fungi (D:3)
2 creatures vanquished.

Grand Total: 43 creatures vanquished

Notes
Turn   | Place    | Note
-------+----------+-------------------------------------------
     0 | D:1      | sking99 the Demonspawn Fighter began the quest for the Orb.
     0 | D:1      | Reached XP level 1. HP: 18/18 MP: 1/1
   225 | D:1      | Found a faded altar of an unknown god.
   233 | D:1      | Gained mutation: A weak demonic guardian rushes to your
                  | aid. [demonic ancestry]
   233 | D:1      | Reached XP level 2. HP: 20/24 MP: 2/2
   782 | D:2      | Reached XP level 3. HP: 28/29 MP: 3/3
  1924 | D:3      | Noticed Jessica
  1930 | D:3      | Killed Jessica
  1931 | D:3      | Reached XP level 4. HP: 22/35 MP: 4/4
  2528 | D:3      | Found a runed translucent door.
  2529 | D:3      | Noticed Crazy Yiuf
  2545 | D:3      | HP: 1/36 [poisoned by Crazy Yiuf]
  2840 | D:3      | Slain by Crazy Yiuf

Illustrated notes

Levels and vault maps discovered:
D:1:      zelgadis_glass_arrival_small, layout_rooms,
          shapermc_ecumenical_altar_mp_urbaneastern
D:2:      layout_loops_ring, minivault_11, minmay_hedge_maze
D:3:      layout_rooms, hangedman_decor_clover_reticule,
          uniq_crazy_yiuf_cottage, uniq_jessica

Skill      XL: |  1  2  3 |
---------------+----------+-----
Maces & Flails | 2 3 |  3.2
Shields        | 3 |  3.3
Fighting       | |  3.6
Armour         | |  2.6

Action                   |  1- 3 |  4- 6 || total
-------------------------+-------+-------++-------
Melee: Flail             |    75 |    43 ||   118
Armor: Scale mail        |    38 |    10 ||    48
Dodge: Dodged            |    22 |    13 ||    35
Block: Buckler           |    16 |     7 ||    23
